General information
- name: BNet
- type: Ladder team game (AT/RT)
- host: Battle.net
- saver: MrFrosty
map: LostTemple
- players: 4
- length: 43:23
- speed: Fast
- version: 1.23 W3XP
- replay type: Public
» download(302 KB)
Players
team 1 (winner)
cum.2ez (
red | 104 APM | 4532 actions | 43:22)
7 Blademaster
3 Wind Walk
3 Critical Strike
1 Bladestorm
4 Far Seer
2 Feral Spirit
2 Chain Lighting
5 Shadow Hunter
2 Hex
3 Healing Wave
» actions
| Assign group hotkey | 85 | |
| Basic commands | 93 | |
| Build / train | 104 | |
| ESC pressed | 1 | |
| Enter build submenu | 83 | |
| Enter hero's abilities submenu | 17 | |
| Give item / drop item | 14 | |
| Right click | 1955 | |
| Select / deselect | 395 | |
| Select group hotkey | 1453 | |
| Use ability | 332 | |
4532 total
» units
| Peon | 16 | |
| Troll Batrider | 9 | |
| Goblin Zeppelin | 3 | |
| Spirit Walker | 2 | |
| Troll Witch Doctor | 2 | |
| Shaman | 2 | |
34 total
» upgrades
| Spirit Walker Training | 2 | |
| Witch Doctor Training | 2 | |
| Shaman Training | 2 | |
6 total
» buildings
| Altar of Storms | 1 | |
| Orc Burrow | 4 | |
| Voodoo Lounge | 2 | |
| War Mill | 1 | |
| Watch Tower | 63 | |
| Stronghold | 1 | |
| Fortress | 2 | |
| Beastiary | 1 | |
| Spirit Lodge | 1 | |
| Great Hall | 2 | |
78 total
» build order
00:12 Altar of Storms
00:23 Orc Burrow
00:54 Voodoo Lounge
01:09 War Mill
01:40 Orc Burrow
02:28 Watch Tower
02:44 Watch Tower
02:57 Voodoo Lounge
03:41 Watch Tower
03:43 Watch Tower
04:16 Stronghold
04:45 Watch Tower
04:46 Watch Tower
05:07 Watch Tower
05:20 Watch Tower
05:21 Watch Tower
06:03 Watch Tower
06:10 Watch Tower
06:31 Watch Tower
07:10 Watch Tower
07:25 Watch Tower
07:35 Watch Tower
07:47 Watch Tower
08:17 Fortress
08:17 Fortress
08:21 Watch Tower
08:47 Watch Tower
08:50 Watch Tower
09:27 Orc Burrow
09:28 Orc Burrow
10:32 Beastiary
10:35 Spirit Lodge
10:54 Watch Tower
11:43 Watch Tower
11:44 Watch Tower
12:19 Watch Tower
13:20 Watch Tower
14:35 Watch Tower
14:41 Watch Tower
14:42 Watch Tower
15:13 Great Hall
16:03 Watch Tower
16:09 Watch Tower
18:09 Watch Tower
18:21 Watch Tower
18:21 Watch Tower
19:42 Watch Tower
19:47 Watch Tower
19:48 Watch Tower
20:50 Watch Tower
20:54 Watch Tower
24:50 Watch Tower
24:55 Watch Tower
28:11 Watch Tower
28:22 Watch Tower
28:23 Watch Tower
28:24 Watch Tower
28:29 Watch Tower
28:30 Watch Tower
28:34 Watch Tower
30:08 Watch Tower
30:09 Watch Tower
30:09 Watch Tower
30:10 Watch Tower
30:11 Watch Tower
31:16 Watch Tower
31:16 Watch Tower
31:17 Watch Tower
31:22 Great Hall
31:24 Watch Tower
32:57 Watch Tower
32:57 Watch Tower
32:58 Watch Tower
32:58 Watch Tower
35:53 Watch Tower
35:54 Watch Tower
35:55 Watch Tower
35:55 Watch Tower
» items
| Lesser Clarity Potion | 10 | |
| Healing Salve | 6 | |
| Scroll of Speed | 2 | |
| Boots of Speed | 3 | |
| Staff of Teleportation | 3 | |
| Orb of Lightning | 4 | |
| Circlet of Nobility | 3 | |
| Scroll of Town Portal | 3 | |
| Potion of Mana | 2 | |
| Staff of Sanctuary | 3 | |
| Potion of Lesser Invulnerability | 1 | |
| Potion of Healing | 1 | |
41 total
MrFrosty (
green | 99 APM | 4278 actions | 43:23)
4 Archmage
2 Blizzard
2 Brilliance Aura
3 Mountain King
2 Storm Bolt
1 Bash
4 Paladin
2 Holy Light
2 Divine Shield
» actions
| Assign group hotkey | 29 | |
| Basic commands | 44 | |
| Build / train | 157 | |
| ESC pressed | 3 | |
| Enter build submenu | 84 | |
| Enter hero's abilities submenu | 11 | |
| Give item / drop item | 8 | |
| Remove unit from queue | 2 | |
| Right click | 2130 | |
| Select / deselect | 909 | |
| Select group hotkey | 584 | |
| Use ability | 317 | |
4278 total
» units
| Peasant | 25 | |
| Priest | 6 | |
| Goblin Shredder | 2 | |
| Sorceress | 6 | |
39 total
» upgrades
| Masonry | 3 | |
| Lumber Harvesting | 2 | |
| Magic Sentry | 1 | |
| Sorceress Training | 2 | |
| Priest Training | 2 | |
| Cloud | 1 | |
11 total
» buildings
| Altar of Kings | 1 | |
| Farm | 5 | |
| Scout Tower | 127 | |
| Arcane Tower | 14 | |
| Lumber Mill | 1 | |
| Guard Tower | 54 | |
| Keep | 1 | |
| Town Hall | 3 | |
| Arcane Sanctum | 2 | |
| Arcane Vault | 4 | |
| Castle | 1 | |
| Gryphon Aviary | 1 | |
214 total
» build order
00:09 Altar of Kings
00:21 Farm
00:33 Scout Tower
01:01 Arcane Tower
01:04 Lumber Mill
01:30 Farm
01:49 Scout Tower
02:11 Scout Tower
02:20 Scout Tower
02:27 Scout Tower
02:38 Arcane Tower
02:39 Scout Tower
02:56 Arcane Tower
02:58 Farm
02:59 Farm
03:33 Guard Tower
04:08 Scout Tower
04:12 Scout Tower
04:14 Scout Tower
04:22 Scout Tower
04:24 Guard Tower
04:37 Guard Tower
04:41 Scout Tower
04:45 Scout Tower
05:01 Guard Tower
05:02 Guard Tower
05:06 Scout Tower
05:08 Scout Tower
05:31 Guard Tower
05:32 Scout Tower
05:38 Scout Tower
05:42 Arcane Tower
05:43 Guard Tower
05:45 Scout Tower
05:49 Scout Tower
06:32 Guard Tower
06:33 Scout Tower
06:35 Guard Tower
06:50 Keep
07:02 Scout Tower
07:07 Farm
08:19 Town Hall
08:24 Scout Tower
08:39 Scout Tower
08:49 Scout Tower
08:58 Scout Tower
09:10 Guard Tower
09:12 Guard Tower
09:16 Guard Tower
10:58 Scout Tower
11:32 Arcane Sanctum
12:11 Guard Tower
12:13 Guard Tower
12:42 Scout Tower
12:43 Scout Tower
12:44 Scout Tower
12:45 Scout Tower
12:46 Scout Tower
12:47 Scout Tower
12:48 Scout Tower
12:48 Scout Tower
12:50 Scout Tower
13:15 Guard Tower
13:22 Scout Tower
14:20 Arcane Tower
14:21 Arcane Tower
14:24 Guard Tower
14:32 Arcane Tower
14:35 Guard Tower
14:56 Arcane Vault
15:26 Scout Tower
15:28 Scout Tower
15:32 Castle
15:56 Scout Tower
15:57 Scout Tower
15:58 Scout Tower
16:00 Scout Tower
16:20 Guard Tower
16:34 Guard Tower
16:45 Guard Tower
17:17 Guard Tower
17:18 Scout Tower
17:19 Scout Tower
17:19 Scout Tower
17:51 Guard Tower
17:52 Scout Tower
17:53 Scout Tower
18:21 Guard Tower
18:23 Scout Tower
18:24 Scout Tower
18:25 Scout Tower
18:43 Arcane Sanctum
18:45 Gryphon Aviary
18:54 Guard Tower
19:32 Arcane Vault
19:42 Arcane Vault
19:43 Arcane Vault
19:48 Scout Tower
19:48 Scout Tower
19:49 Scout Tower
19:50 Scout Tower
19:53 Scout Tower
20:46 Guard Tower
21:00 Guard Tower
21:22 Scout Tower
21:26 Scout Tower
21:40 Scout Tower
21:41 Scout Tower
22:11 Guard Tower
22:14 Guard Tower
23:39 Scout Tower
23:40 Scout Tower
23:56 Scout Tower
23:57 Scout Tower
23:57 Scout Tower
23:58 Scout Tower
24:10 Arcane Tower
24:11 Guard Tower
24:15 Scout Tower
24:17 Scout Tower
24:20 Scout Tower
24:21 Scout Tower
24:21 Scout Tower
24:22 Scout Tower
24:24 Guard Tower
24:28 Guard Tower
24:43 Guard Tower
25:01 Arcane Tower
25:06 Scout Tower
25:08 Guard Tower
25:11 Scout Tower
25:19 Scout Tower
25:22 Scout Tower
25:39 Town Hall
25:41 Arcane Tower
25:45 Guard Tower
26:11 Scout Tower
26:14 Scout Tower
26:19 Guard Tower
26:39 Guard Tower
28:00 Guard Tower
28:39 Guard Tower
30:04 Guard Tower
31:56 Scout Tower
31:56 Scout Tower
31:57 Scout Tower
31:57 Scout Tower
32:07 Scout Tower
32:08 Scout Tower
32:09 Scout Tower
32:10 Scout Tower
32:10 Scout Tower
32:11 Scout Tower
32:12 Scout Tower
32:13 Scout Tower
32:14 Scout Tower
32:15 Scout Tower
32:16 Scout Tower
32:16 Scout Tower
32:49 Guard Tower
32:52 Arcane Tower
34:13 Guard Tower
34:15 Scout Tower
34:16 Scout Tower
34:43 Guard Tower
35:19 Scout Tower
35:19 Scout Tower
35:20 Scout Tower
35:23 Guard Tower
35:53 Guard Tower
35:57 Scout Tower
35:58 Scout Tower
35:59 Scout Tower
36:34 Guard Tower
36:46 Scout Tower
36:47 Scout Tower
36:48 Scout Tower
36:49 Scout Tower
36:49 Scout Tower
36:50 Scout Tower
37:26 Guard Tower
37:42 Guard Tower
37:44 Scout Tower
37:45 Scout Tower
37:46 Scout Tower
37:47 Scout Tower
37:47 Scout Tower
37:48 Scout Tower
37:50 Scout Tower
37:51 Scout Tower
37:51 Scout Tower
37:53 Arcane Tower
38:39 Guard Tower
38:48 Scout Tower
38:48 Scout Tower
38:49 Scout Tower
39:18 Guard Tower
39:35 Arcane Tower
39:36 Guard Tower
40:04 Guard Tower
40:19 Arcane Tower
40:34 Guard Tower
40:35 Guard Tower
40:43 Town Hall
40:47 Scout Tower
40:48 Scout Tower
40:50 Scout Tower
40:51 Scout Tower
40:54 Scout Tower
40:54 Scout Tower
40:56 Scout Tower
40:57 Scout Tower
41:37 Guard Tower
» items
| Healing Salve | 1 | |
| Lesser Clarity Potion | 2 | |
| Staff of Teleportation | 3 | |
| Boots of Speed | 3 | |
| Potion of Healing | 5 | |
| Orb of Lightning | 3 | |
| Staff of Sanctuary | 3 | |
| Scroll of Town Portal | 1 | |
21 total
team 2 (loser)

»
DruNkeN_LeMuR (
teal | 126 APM | 5474 actions | 43:21)
5 Demon Hunter
3 Mana Burn
2 Evasion
5 Keeper of the Grove
3 Entangling Roots
2 Force of Nature
» actions
| Assign group hotkey | 82 | |
| Basic commands | 414 | |
| Build / train | 166 | |
| ESC pressed | 3 | |
| Enter build submenu | 31 | |
| Enter hero's abilities submenu | 10 | |
| Give item / drop item | 3 | |
| Right click | 1737 | |
| Select / deselect | 1425 | |
| Select group hotkey | 1294 | |
| Use ability | 309 | |
5474 total
» units
| Wisp | 38 | |
| Huntress | 11 | |
| Druid of the Claw | 5 | |
| Druid of the Talon | 9 | |
| Chimaera | 7 | |
| Dryad | 11 | |
| Goblin Zeppelin | 3 | |
| Hippogryph | 8 | |
| Archer | 12 | |
104 total
» upgrades
| Strength of the Moon | 3 | |
| Druid of the Claw Training | 2 | |
| Druid of the Talon Training | 2 | |
| Abolish Magic | 1 | |
| Ultravision | 1 | |
| Corrosive Breath | 1 | |
| Reinforced Hides | 2 | |
| Mark of the Claw | 1 | |
| Strength of the Wild | 2 | |
| Well Spring | 1 | |
| Mark of the Talon | 1 | |
| Nature's Blessing | 1 | |
| Moon Armor | 2 | |
| Hippogryph Taming | 1 | |
| Improved Bows | 2 | |
| Marksmanship | 1 | |
| Upgrade Moon Glaive | 1 | |
25 total
» buildings
| Altar of Elders | 1 | |
| Moon Well | 8 | |
| Ancient of War | 2 | |
| Tree of Life | 3 | |
| Hunter's Hall | 1 | |
| Tree of Ages | 2 | |
| Ancient of Lore | 2 | |
| Tree of Eternity | 1 | |
| Ancient of Wind | 2 | |
| Chimaera Roost | 1 | |
| Ancient of Wonders | 1 | |
| Ancient Protector | 4 | |
28 total
» build order
00:03 Altar of Elders
00:17 Moon Well
00:45 Ancient of War
01:33 Moon Well
02:40 Tree of Life
03:04 Moon Well
03:49 Hunter's Hall
04:26 Moon Well
04:54 Tree of Ages
05:16 Ancient of War
07:19 Ancient of Lore
07:59 Tree of Eternity
08:25 Ancient of Lore
10:32 Ancient of Wind
11:51 Chimaera Roost
13:33 Moon Well
14:05 Moon Well
17:55 Moon Well
17:58 Moon Well
19:45 Tree of Life
20:05 Ancient of Wonders
23:24 Tree of Life
24:05 Ancient of Wind
25:13 Ancient Protector
30:41 Ancient Protector
32:02 Ancient Protector
32:03 Ancient Protector
» items
| Scroll of Town Portal | 5 | |
| Scroll of Healing | 4 | |
| Potion of Lesser Invulnerability | 3 | |
| Circlet of Nobility | 1 | |
| Periapt of Vitality | 1 | |
| Dust of Appearance | 1 | |
15 total
Hackage (
purple | 153 APM | 6614 actions | 43:14)
4 Blademaster
2 Wind Walk
2 Critical Strike
4 Shadow Hunter
2 Hex
2 Healing Wave
» actions
| Assign group hotkey | 361 | |
| Basic commands | 357 | |
| Build / train | 115 | |
| ESC pressed | 3 | |
| Enter build submenu | 42 | |
| Enter hero's abilities submenu | 9 | |
| Remove unit from queue | 2 | |
| Right click | 3363 | |
| Select / deselect | 619 | |
| Select group hotkey | 1564 | |
| Use ability | 179 | |
6614 total
» units
| Peon | 27 | |
| Grunt | 7 | |
| Raider | 6 | |
| Demolisher | 7 | |
| Spirit Walker | 3 | |
| Troll Batrider | 11 | |
| Goblin Zeppelin | 1 | |
| Wind Rider | 2 | |
64 total
» upgrades
| Ensnare | 1 | |
| Spirit Walker Training | 2 | |
| Burning Oil | 1 | |
| Pillage | 1 | |
| Reinforced Defenses | 1 | |
| Liquid Fire | 1 | |
| Armor | 2 | |
| Ranged Weapons | 1 | |
| Envenomed Spears | 1 | |
11 total
» buildings
| Altar of Storms | 1 | |
| Orc Burrow | 8 | |
| Barracks | 1 | |
| Voodoo Lounge | 1 | |
| Stronghold | 3 | |
| Beastiary | 4 | |
| War Mill | 2 | |
| Spirit Lodge | 1 | |
| Fortress | 3 | |
| Great Hall | 2 | |
| Watch Tower | 17 | |
| Tauren Totem | 2 | |
45 total
» build order
00:05 Altar of Storms
00:15 Orc Burrow
00:34 Barracks
01:33 Orc Burrow
01:54 Voodoo Lounge
03:26 Stronghold
03:27 Stronghold
05:10 Orc Burrow
06:31 Beastiary
07:02 War Mill
07:15 Spirit Lodge
10:30 Orc Burrow
10:32 Orc Burrow
10:33 Fortress
11:52 Orc Burrow
12:45 Great Hall
12:49 Watch Tower
13:11 Orc Burrow
13:15 Orc Burrow
13:57 Watch Tower
15:04 Tauren Totem
17:31 Tauren Totem
17:33 Beastiary
17:36 Watch Tower
18:03 Beastiary
18:07 Beastiary
18:19 War Mill
20:32 Watch Tower
21:00 Watch Tower
21:04 Watch Tower
21:25 Great Hall
21:29 Watch Tower
21:32 Watch Tower
22:46 Watch Tower
22:49 Watch Tower
24:29 Watch Tower
24:32 Watch Tower
24:35 Watch Tower
24:37 Watch Tower
24:39 Watch Tower
25:45 Watch Tower
25:48 Watch Tower
» items
| Scroll of Speed | 1 | |
| Healing Salve | 1 | |
| Scroll of Town Portal | 2 | |
4 total
Chat log
(00:27 / All) Hackage: can we pause for 30 seconds plz
(00:30 / All) MrFrosty: sure.
(00:36 / All) cum.2ez: ggpgpgpgpgpg
(03:58 / All) cum.2ez: purple ur base
(05:04 / Allies) cum.2ez: gg
(17:12 / All) DruNkeN_LeMuR: u suck
(17:15 / All) DruNkeN_LeMuR: more tower
(17:16 / All) cum.2ez: no u
(21:11 / All) cum.2ez: sjiot
(23:36 / All) cum.2ez: TT
(32:07 / All) cum.2ez: 2ez
(32:45 / All) cum.2ez: SNEAK PEACK
(35:49 / All) MrFrosty: Prepare for Wave 4.
(36:00 / All) cum.2ez: next lvl is bonus lvl
(36:04 / All) cum.2ez: leaks do not count against u
(38:45 / All) MrFrosty: im not sure that was a fair trade guys
(38:57 / All) DruNkeN_LeMuR: ur a huge fag
(38:57 / All) DruNkeN_LeMuR: =D
(39:01 / All) cum.2ez: :D
(39:03 / All) MrFrosty: :)
(39:04 / All) DruNkeN_LeMuR: more towers nub
(39:07 / All) DruNkeN_LeMuR: Ur seriously the worst
(39:08 / All) DruNkeN_LeMuR: ever
(39:09 / All) MrFrosty: less skills please.
(39:09 / All) DruNkeN_LeMuR: so bad
(39:12 / All) DruNkeN_LeMuR: that we might lose
(39:13 / All) MrFrosty: oh wait thats not possible
(39:14 / All) cum.2ez: the worst ever
(39:16 / All) DruNkeN_LeMuR: ur fucking horribl
(39:17 / All) cum.2ez: !!
(39:19 / All) cum.2ez: omg
(39:24 / All) MrFrosty: ps. nice harrassment at the start of the game
(39:28 / All) cum.2ez: Its almost as good as your multi tasking in the start
(39:31 / All) MrFrosty: that truly showed off your skills
(39:38 / All) DruNkeN_LeMuR: if u wanna 1v1
(39:40 / All) cum.2ez: oh wait u didnt touch your base till after my blade attacked moved thru 8 peons
(39:41 / All) DruNkeN_LeMuR: im down topwn either
(39:42 / All) DruNkeN_LeMuR: of u
(39:46 / All) cum.2ez: lmao
(39:52 / All) MrFrosty: go down on either of us?
(39:52 / All) cum.2ez: i can hear u dodging already
(39:55 / All) DruNkeN_LeMuR: |
(39:57 / All) MrFrosty: is that what you're trying to say?
(39:57 / All) DruNkeN_LeMuR: So ur dodging?
(40:07 / All) MrFrosty: i dont dodge free wins
(40:10 / All) MrFrosty: so we will 1v1
(40:12 / All) DruNkeN_LeMuR: So u do
(40:30 / All) cum.2ez: are you from clan nTA
(40:32 / All) cum.2ez: cause
(40:42 / All) cum.2ez: ur trash
(40:59 / All) cum.2ez: it seems to be a running gag in that clan
(41:06 / All) cum.2ez: where really its only trash allowed
(41:23 / All) MrFrosty: WAVE 5
(41:24 / All) MrFrosty: STATRT
(42:34 / All) DruNkeN_LeMuR: So u wanna 1bg1?
(42:36 / All) DruNkeN_LeMuR: 1v1>
(42:43 / All) cum.2ez: isnt that what we said
(42:48 / All) DruNkeN_LeMuR: Ur One person?
(42:53 / All) DruNkeN_LeMuR: i mean i knew u were huge fags
(42:55 / All) DruNkeN_LeMuR: but really
(43:02 / All) DruNkeN_LeMuR: So ?
(43:04 / All) cum.2ez: are yout rying to be clever
(43:05 / All) DruNkeN_LeMuR: are YOU
(43:08 / All) DruNkeN_LeMuR: Down?
(43:10 / All) DruNkeN_LeMuR: to be down
(43:12 / All) DruNkeN_LeMuR: on each other
(43:15 / All) DruNkeN_LeMuR: while i own u
(43:17 / All) DruNkeN_LeMuR: 1v1
(43:19 / All) DruNkeN_LeMuR: channel clan nta
(43:21 / All) cum.2ez: LHAHHAHAHA